 Dungeon Crawl Stone Soup version 0.30-a0-629-gd54f4be4f7 (webtiles) character file.

Game seed: 8466402447793126608

22 kae the Insei (level 2, 0/31 HPs)
             Began as a Demonspawn Transmuter on Jan 12, 2023.
             Succumbed to a kobold's poison
             ... on level 1 of the Dungeon.
             The game lasted 00:01:49 (471 turns).

kae the Insei (Demonspawn Transmuter)                Turns: 471, Time: 00:01:50

Health: 0/31       AC: 21    Str: 10    XL:     2   Next: 68%
Magic:  5/5        EV:  2    Int: 14    God:
Gold:   42         SH:  0    Dex: 13    Spells: 4/5 levels left

rFire   . . .      SeeInvis .      - Unarmed
rCold   . . .      Faith    .    (no shield)
rNeg    . . .      Spirit   .    (body armour currently unavailable)
rPois   +          Reflect  .    (helmet currently unavailable)
rElec   .          Harm     .    (cloak currently unavailable)
rCorr   .          Rampage  .    (gloves currently unavailable)
Will    .....      NoTele   +    (boots currently unavailable)
Stlth   +                        (no amulet)
HPRegen 0.25/turn                (no ring)
MPRegen 0.09/turn                (no ring)

@: lethally poisoned (0 -> -9), tree-form
A: stationary, stasis, torment immunity, boosted hp, (hooves 1)
a: no special abilities


You were on level 1 of the Dungeon.
You were a tree.
You visited 1 branch of the dungeon, and saw 2 of its levels.

You collected 42 gold pieces.


Innate Abilities, Weirdness & Mutations

You are a tree.
Your roots penetrate the ground, keeping you stationary.
You cannot be teleported.
You are immune to unholy pain and torment.
Your maximum health is greatly increased.
Your equipment is partially melded.
((You have large cloven feet.))


   Skills:
 - Level 1.0 Fighting
 - Level 1.7 Dodging
 + Level 2.9 Unarmed Combat
 + Level 2.2 Spellcasting
 * Level 2.5 Transmutations


You had 4 spell levels left.
You knew the following spells:

 Your Spells              Type           Power      Damage    Failure   Level
a - Beastly Appendage     Tmut           16%        N/A       9%          1

Your spell library contained the following spells:

 Spells                   Type           Power      Damage    Failure   Level
 Wereblood                Tmut           8%         N/A       13%         2
 Cigotuvi's Dreadful Rot  Necr/Pois/Air  2%         N/A       34%         2
 Poisonous Vapours        Pois/Air       2%         N/A       34%         2
 Spider Form              Tmut/Pois      5%         N/A       38%         3
 Mephitic Cloud           Conj/Pois/Air  1%         N/A       56%         3
 Ice Form                 Ice/Tmut       5%         N/A       80%         4

Inventory:

Missiles
 c - 4 stones
Armour
 a - a +0 robe
 d - a +1 pair of gloves (melded)
   (You found it on level 2 of the Dungeon)
 e - a +1 robe of willpower (melded)
   (You found it on level 2 of the Dungeon)
Jewellery
 G - an amulet of guardian spirit
   (You found it on level 1 of the Dungeon)
Scrolls
 f - a scroll of fear {unknown}

Dungeon Overview and Level Annotations

Branches:
Dungeon (2/15) Zot: 11532

Altars:

..... # .# # #.# ##.#
#..# ...# # ... ...
#..#.# #..##..# ##
...#.# #...... K.
.....### #..... .#
.##....# #..K.##..#
.#.....# #.b♣)...#
.......# ####.#####
#.#....# #....#
.>.....# #.#########
#......# #.##......#
#......# #.####..#.#
##..##.######.......#.#
......)....##..####...#
.#########..#.......#.#


You could see a bat and a kobold.


Message History

Your mp is fully restored (5).
The helpless frilled lizard fails to defend itself.
You hit the frilled lizard.
You kill the frilled lizard!
A kobold comes into view. It is wielding a +1 whip of venom.
A kobold is nearby!
A rat and a bat come into view.
The kobold shouts!
A bat comes into view.
The bat hits you but does no damage.
There are monsters nearby!
There are monsters nearby!
There are monsters nearby!
Casting: Beastly Appendage (safe; 9% risk of failure)
Confirm with . or Enter, or press ? or * to list all spells.
You grow a pair of large bovine horns.
Your feet morph into talons.
The bat barely misses you. The bat hits you.
The bat hits you but does no damage. 😕 HP[-1] MP[-1]
You take 1 damage, and now have 20/21 hp.
You lost 1 mp, and now have 4/5 mp.
You miss the bat. The bat hits you but does no damage.
The bat barely misses you. The rat bites you but does no damage.
You hit the rat.
You kill the rat!
The bat barely misses you. The bat hits you.
The bat barely misses you. 😕 HP[-1]
You take 1 damage, and now have 19/21 hp.
There are monsters nearby!
You miss the bat. Your kick misses the bat.
The bat hits you but does no damage. The bat closely misses you.
You hit the bat.
You kill the bat!
The bat hits you but does no damage.
The kobold hits you with a +1 whip of venom. 😕 HP[-3]
You take 3 damage, and now have 16/21 hp.
You closely miss the kobold. The kobold hits you but does no damage.
You are poisoned.
You barely miss the bat. You claw the bat, but do no damage.
Your headbutt misses the bat.
You feel sick. The bat hits you but does no damage.
The kobold hits you but does no damage.
You are more poisoned. 😮 HP[-1]
You take 1 damage, and now have 15/21 hp.
Unknown command.
You barely miss the kobold. Your kick misses the kobold.
Your transformation is almost over.
You feel very sick. The kobold closely misses you.
A kobold comes into view. It is wielding a +0 short sword.
The bat barely misses you. 😮 HP[-3]
You take 3 damage, and now have 12/21 hp.
Really quaff
b - a potion of lignification {!q}?
Really quaff the potion of lignification?
Your horns disappear.
Your talons disappear.
You turn into a tree.
Your +1 pair of gloves melds into your body.
Your +1 robe of willpower melds into your body.
You feel less strong-willed.
Your roots penetrate the ground.
You feel sick.
The kobold shouts!
The bat hits you but does no damage. The kobold hits you but does no damage.
You are lethally poisoned! 😮 HP[+4]
You now have 31 max hp (+10).
You regained 4 hp, and now have 16/31 hp.
Unknown command.
You hit the kobold but do no damage.
* * * LOW HITPOINT WARNING * * *
You feel very sick.
The kobold hits you with a +1 whip of venom.
* * * LOW HITPOINT WARNING * * *
The bat hits you but does no damage. 😨 HP[-8]
You take 8 damage, and now have 8/31 hp.
MASSIVE DAMAGE!! (PAUSE)
You closely miss the kobold.
* * * LOW HITPOINT WARNING * * *
You feel very sick. The bat hits you but does no damage. x2
The kobold hits you but does no damage. 😱 HP[-3] MP[+1]
You take 3 damage, and now have 5/31 hp.
Your mp is fully restored (5).
You hit the kobold.
You kill the kobold!
* * * LOW HITPOINT WARNING * * *
You feel very sick. The bat hits you but does no damage.
The kobold barely misses you.
Unknown command. 😱 HP[-3]
You take 3 damage, and now have 2/31 hp.
You cannot move.
Unknown command.
You aren't carrying any potions.
Unknown command.
You aren't carrying any potions.
You barely miss the kobold.
You die...

Skill      XL: |  1 |
---------------+----+-----
Transmutations | 2 |  2.5
Fighting       | |  1.0
Dodging        | |  1.7
Unarmed Combat | |  2.9
Spellcasting   | |  2.2

Action                   || total
-------------------------++-------
Melee: Unarmed           ||    52
       Kick              ||     9
       Headbutt          ||     5
 Cast: Beastly Appendage ||    12
  Use: Potion            ||     1
 Stab: Sleeping          ||     1
Armor: Robe              ||    19
       Skin              ||     7
Dodge: Dodged            ||    36

Levels and vault maps discovered:
D:1:      evilmike_arrival_rings, layout_basic, chequers_ecumenical_altar_grove
D:2:      layout_loops_cross, grunt_ministairs_11, minmay_misc_feat_rows

Notes
Turn   | Place    | Note
-------+----------+-------------------------------------------
     0 | D:1      | kae the Demonspawn Transmuter began the quest for the Orb.
     0 | D:1      | Reached XP level 1. HP: 15/15 MP: 3/3
     0 | D:1      | magus.rc [v1.11.3]
   115 | D:1      | Reached skill level 2 in Transmutations
   118 | D:1      | HP: 2/15 [hobgoblin (4)]
   201 | D:1      | Lost mutation: You have razor-sharp toenails. [demonic
                  | ancestry]
   201 | D:1      | Lost mutation: You have sharp toenails. [demonic ancestry]
   201 | D:1      | Gained mutation: You have large cloven feet. [demonic
                  | ancestry]
   201 | D:1      | Reached XP level 2. HP: 20/21 MP: 3/5
   245 | D:1      | You fall into a shaft and drop 1 floor!
   273 | D:2      | You pick up a book of Vapours and begin reading...
   273 | D:2      | You add the spells Poisonous Vapours, Cigotuvi's Dreadful
                  | Rot and Mephitic Cloud to your library.
   469 | D:1      | HP: 5/31 [poisoned by a kobold]
   470 | D:1      | HP: 2/31 [poisoned by a kobold]
   471 | D:1      | Succumbed to a kobold's poison

Vanquished Creatures
  3 endoplasms
  2 giant cockroaches (D:1)
  2 goblins (D:2)
  2 hobgoblins
  3 kobolds (D:1)
  2 ball pythons (D:1)
  3 bats
  2 frilled lizards (D:1)
  2 rats
21 creatures vanquished.

Table legend:
 A = Non-vault XP
 B = Vault XP
 C = Vault XP percentage of total XP
 D = Non-vault monster count
 E = Vault monster count
 F = Vault count percentage of total count
                 A         B        C        D         E       F
            +---------+---------+-------+---------+---------+-------
      Total |      31 |       1 |   3.1 |      20 |       1 |   4.8
            +---------+---------+-------+---------+---------+-------
        D:1 |      22 |       0 |   0.0 |      15 |       0 |   0.0
        D:2 |       9 |       1 |  10.0 |       5 |       1 |  16.7
            +---------+---------+-------+---------+---------+-------

Illustrated notes

Table legend:
 A = Kills in this place as a percentage of kills in entire the game.
 B = Kills by you in this place as a percentage of kills by you in the entire game.
 C = Kills by friends in this place as a percentage of kills by friends in the entire game.
 D = Other kills in this place as a percentage of other kills in the entire game.
 E = Experience gained in this place as a percentage of experience gained in the entire game.
 F = Experience gained in this place divided by the number of levels of this place that you have seen.
                   A       B       C       D       E      F
               +-------+-------+-------+-------+-------+----------------------
         Total | 100.0 | 100.0 |   N/A |   N/A | 100.0 |  16.0
       Dungeon | 100.0 | 100.0 |   N/A |   N/A | 100.0 |  16.0
               +-------+-------+-------+-------+-------+----------------------

Table legend: (Time is in decaauts)
 A = Elapsed time spent in this place.
 B = Non-inter-level travel time spent in this place.
 C = Inter-level travel time spent in this place.
 D = Time resting spent in this place.
 E = Time spent auto-exploring this place.
 F = Levels seen in this place.
 G = Mean time per level.
                   A        B        C        D        E       F      G
               +--------+--------+--------+--------+--------+-----+--------+
         Total |    467 |    467 |      0 |      0 |    315 |   2 |  233.5 |
       Dungeon |    467 |    467 |      0 |      0 |    315 |   2 |  233.5 |
               +--------+--------+--------+--------+--------+-----+--------+

Top non-repeatable levels by time:
     D:1: 310 daAuts
     D:2: 157 daAuts
